 Dungeon Crawl Stone Soup version 0.28-a0-1382-g92835e5c71 (webtiles) character file.

Game seed: 10585861015273730541

136 pokeman the Magician (level 4, -1/25 HPs)
             Began as a Deep Elf Hedge Wizard on Jan 1, 2022.
             Killed by nerve-wracking pain
             ... invoked by Grinder
              (14 damage)
             ... on level 3 of the Dungeon.
             The game lasted 00:03:52 (2806 turns).

pokeman the Magician (Deep Elf Hedge Wizard)        Turns: 2806, Time: 00:03:53

Health: -1/25      AC:  4    Str:  7    XL:     4   Next: 98%
Magic:  4/14       EV: 13    Int: 21    God:
Gold:   154        SH:  0    Dex: 14    Spells: 4/15 levels left

rFire   . . .      SeeInvis .   f - +0 dagger (speed)
rCold   . . .      Faith    .   (no shield)
rNeg    . . .      Spirit   .   b - +0 robe
rPois   .          Reflect  .   d - +1 helmet
rElec   .          Harm     .   (no cloak)
rCorr   .          Rampage  .   (no gloves)
Will    .....                   (no boots)
Stlth   ++........              (no amulet)
HPRegen 0.08/turn               (no ring)
MPRegen 0.14/turn               (no ring)

@: no status effects
A: no striking features
a: no special abilities


You were on level 3 of the Dungeon.
You visited 1 branch of the dungeon, and saw 3 of its levels.

You collected 154 gold pieces.

Inventory:

Hand Weapons
 f - a +0 dagger of speed (weapon)
Missiles
 e - 24 bolts
 g - 68 arrows
Armour
 b - a +0 robe (worn)
 d - a +1 helmet (worn)
Scrolls
 a - a scroll of holy word {unknown}
 c - a scroll of fog {unknown}
 h - a scroll of amnesia {unknown}
 i - a scroll of identify {unknown}
 j - 2 scrolls of teleportation {unknown}
Potions
 k - a potion of magic {unknown}
 l - a potion of brilliance {unknown}


   Skills:
 - Level 1.0 Fighting
 - Level 1.0 Armour
 - Level 3.0 Dodging
 + Level 2.4 Stealth
 * Level 6.0 Spellcasting
 + Level 2.4 Conjurations
 - Level 1.1 Summonings
 - Level 1.1 Translocations
 + Level 0.0 Fire Magic
 - Level 1.1 Air Magic


You had 4 spell levels left.
You knew the following spells:

 Your Spells              Type           Power      Damage    Failure   Level
a - Magic Dart            Conj           64%        1d6       3%          1
b - Mephitic Cloud        Conj/Pois/Air  11%        N/A       19%         3
c - Call Imp              Summ           10%        N/A       10%         2
d - Blink                 Tloc           20%        N/A       10%         2
e - Conjure Flame         Conj/Fire      11%        6-21      19%         3

Your spell library contained the following spells:

 Spells                   Type           Power      Damage    Failure   Level
 Slow                     Hex            24%        N/A       10%         1


Dungeon Overview and Level Annotations

Branches:
Dungeon (3/15)

Altars:

Annotations:
D:3 Grinder


Message History

Aim: Grinder (lightly wounded, 100% to hit)
The magic dart hits Grinder.
Grinder is lightly wounded.
Grinder gestures at you. You resist with significant effort.
Casting: Magic Dart (safe; 3% risk of failure)
Confirm with . or Enter, or press ? or * to list all spells.
Aiming: Magic Dart (safe; 3% risk of failure)
Press: ? - help, Shift-Dir - straight line, f/p - Grinder
Aim: Grinder (lightly wounded, 100% to hit)
The magic dart hits Grinder.
Grinder is moderately wounded.
Casting: Magic Dart (safe; 3% risk of failure)
Confirm with . or Enter, or press ? or * to list all spells.
Aiming: Magic Dart (safe; 3% risk of failure)
Press: ? - help, Shift-Dir - straight line, f/p - Grinder
Aim: Grinder (moderately wounded, 100% to hit)
The magic dart hits Grinder.
Grinder is moderately wounded.
Casting: Magic Dart (safe; 3% risk of failure)
Confirm with . or Enter, or press ? or * to list all spells.
Aiming: Magic Dart (safe; 3% risk of failure)
Press: ? - help, Shift-Dir - straight line, f/p - Grinder
Aim: Grinder (moderately wounded, 100% to hit)
The magic dart hits Grinder.
Grinder is moderately wounded.
Grinder gestures at you. Pain shoots through your body!
Your magical contamination has completely faded away.
Casting: Magic Dart (safe; 3% risk of failure)
Confirm with . or Enter, or press ? or * to list all spells.
Aiming: Magic Dart (safe; 3% risk of failure)
Press: ? - help, Shift-Dir - straight line, f/p - Grinder
Aim: Grinder (moderately wounded, 100% to hit)
The magic dart hits Grinder.
Grinder is moderately wounded.
Grinder gestures at you. Pain shoots through your body!
Ouch! That really hurt!
You die...

#........ #.#
#........ ..
#........ #.#
#........
###..
#..:.....
.<..##........
...#........
#.#○5......
#.@##.#+###
##.##.# #..#.#
##.#.# #..###
# ##.#8###⌠#
#........
#........
###........


You could see Grinder.

Vanquished Creatures
  Jessica (D:3)
  Terence (D:3)
  3 adders
  An adder skeleton (D:2)
  A worm (D:2)
  A dart slug (D:2)
  4 ball pythons
  6 bats
  6 endoplasms
  3 giant cockroaches (D:1)
  3 goblins
  2 hobgoblins
  5 jackals (D:2)
  2 kobolds
  2 quokkas (D:1)
  A frilled lizard (D:1)
  4 rats
46 creatures vanquished.

Notes
Turn   | Place    | Note
-------+----------+-------------------------------------------
     0 | D:1      | pokeman the Deep Elf Hedge Wizard began the quest for the
                  | Orb.
     0 | D:1      | Reached XP level 1. HP: 10/10 MP: 7/7
   357 | D:1      | Found a faded altar of an unknown god.
   452 | D:1      | Reached XP level 2. HP: 15/15 MP: 2/9
   948 | D:1      | Reached skill level 5 in Spellcasting
  1154 | D:1      | Reached XP level 3. HP: 20/20 MP: 9/11
  1158 | D:1      | Learned a level 3 spell: Mephitic Cloud
  1161 | D:1      | Learned a level 2 spell: Call Imp
  1164 | D:1      | Learned a level 2 spell: Blink
  1648 | D:2      | Reached skill level 1 in Fighting
  1683 | D:2      | Reached skill level 1 in Armour
  1687 | D:2      | Learned a level 3 spell: Conjure Flame
  2254 | D:2      | Reached XP level 4. HP: 25/25 MP: 10/13
  2592 | D:3      | Noticed Terence
  2607 | D:3      | Killed Terence
  2624 | D:3      | Noticed Jessica
  2628 | D:3      | Killed Jessica
  2629 | D:3      | Reached skill level 6 in Spellcasting
  2629 | D:3      | Reached skill level 1 in Air Magic
  2792 | D:3      | Noticed Grinder
  2796 | D:3      | Paralysed by Grinder for 3 turns
  2806 | D:3      | Killed from afar by Grinder

Illustrated notes

Levels and vault maps discovered:
D:1:      dpeg_arrival_more_subterranean_lakeside_camping, layout_basic,
          shapermc_ecumenical_altar_petra
D:2:      layout_basic, serial_glass, glass_columns_b, glass_columns_a,
          eino_tiny_chamber
D:3:      layout_basic, okawaru_metal_pillars_1_2, serial_corexii_hall,
          corexii_hall_statues_i, corexii_hall_statues_x,
          corexii_hall_statues_s, uniq_jessica, uniq_robin, uniq_terence,
          uniq_grinder

Skill      XL: |  1  2  3  4 |
---------------+-------------+-----
Spellcasting   | 5 6 |  6.0
Fighting       | 1 |  1.0
Armour         | 1 |  1.0
Conjurations   | 2 |  2.4
Dodging        | 3 |  3.0
Air Magic      | 1 |  1.1
Stealth        | |  2.4
Summonings     | |  1.1
Translocations | |  1.1

Action                   |  1- 3 |  4- 6 || total
-------------------------+-------+-------++-------
Melee: Dagger            |     5 |     3 ||     8
 Cast: Magic Dart        |   113 |    33 ||   146
       Conjure Flame     |       |     2 ||     2
       Mephitic Cloud    |       |     1 ||     1
Armor: Robe              |     8 |     4 ||    12
Dodge: Dodged            |    13 |     2 ||    15

Table legend: (Time is in decaauts)
 A = Elapsed time spent in this place.
 B = Non-inter-level travel time spent in this place.
 C = Inter-level travel time spent in this place.
 D = Time resting spent in this place.
 E = Time spent auto-exploring this place.
 F = Levels seen in this place.
 G = Mean time per level.
                   A        B        C        D        E       F      G
               +--------+--------+--------+--------+--------+-----+--------+
         Total |   2804 |   2746 |     58 |      8 |   2407 |   3 |  934.7 |
       Dungeon |   2804 |   2746 |     58 |      8 |   2407 |   3 |  934.7 |
               +--------+--------+--------+--------+--------+-----+--------+

Top non-repeatable levels by time:
     D:1: 1305 daAuts
     D:2: 1232 daAuts
     D:3: 266 daAuts
